 Dungeon Crawl Stone Soup version 0.27-a0-1105-g946c659c87 (webtiles) character file.

Game seed: 15048357863943905045

105 littlecub the Skirmisher (level 4, -2/41 HPs)
             Began as a Ghoul Fighter on Apr 30, 2021.
             Slain by Crazy Yiuf
             ... wielding a +3 quarterstaff of chaos
              (6 damage)
             ... on level 3 of the Dungeon.
             The game lasted 00:03:13 (2302 turns).

littlecub the Skirmisher (Ghoul Fighter)            Turns: 2302, Time: 00:03:14

Health: -2/41      AC: 11    Str: 20    XL:     4   Next: 81%
Magic:  0/3        EV:  3    Int:  3    God:
Gold:   90         SH:  0    Dex:  8    Spells: 3/3 levels left

rFire    . . .     SeeInvis .     - Unarmed
rCold    + . .     Faith    .   b - +0 kite shield
rNeg     + + +     Spirit   .   n - +0 plate armour
rPois    ∞         Reflect  .   (no helmet)
rElec    .         Harm     .   (no cloak)
rCorr    .         Rampage  .   (no gloves)
Will     .....                  (no boots)
Stlth    ..........             (no amulet)
HPRegen  0.00/turn              (no ring)
MPRegen  0.08/turn              (no ring)

@: confused, mighty
A: claws 1, cold resistance 1, negative energy resistance 3, inhibited
regeneration, torment resistance 2, unbreathing 1
a: no special abilities


You were on level 3 of the Dungeon.
You visited 1 branch of the dungeon, and saw 3 of its levels.

You collected 90 gold pieces.

Inventory:

Armour
 b - a +0 kite shield (worn)
 n - a +0 plate armour (worn)
Scrolls
 e - 2 scrolls of fear {unknown}
 f - 2 scrolls of identify {unknown}
 g - a scroll of fog {unknown}
 i - a scroll of enchant armour {unknown}
 l - a scroll of blinking {unknown}
 m - a scroll of torment {unknown}
Potions
 a - a potion of magic {unknown}
 c - a potion of might
 d - a potion of resistance {unknown}
 h - a potion of heal wounds {unknown}
 j - a potion of lignification {unknown}
 k - a potion of haste {unknown}


   Skills:
 * Level 4.3 Fighting
 + Level 3.1 Armour
 + Level 3.1 Shields
 * Level 3.5 Unarmed Combat


You had 3 spell levels left.
You didn't know any spells.
Your spell library was empty.

Dungeon Overview and Level Annotations

Branches:
Dungeon (3/15)

Altars:

Annotations:
D:3 Crazy Yiuf


Innate Abilities, Weirdness & Mutations

You thrive by killing the living.
You are immune to poison.
You have sharp fingernails.
Your flesh is cold resistant. (rC+)
You are immune to negative energy. (rN+++)
You do not regenerate when monsters are visible.
You are immune to unholy pain and torment.
You can survive without breathing.


Message History

Found a stone staircase leading up.
j - a sedimented golden potion
Found a mace.
Found a runed translucent door.
Crazy Yiuf says, "Hack aubergine senile!"
You open the door. You scratch Crazy Yiuf.
Crazy Yiuf is lightly wounded.
Crazy Yiuf hits you with a +3 quarterstaff of chaos!
You feel very mighty all of a sudden.
You claw Crazy Yiuf!
Crazy Yiuf is severely wounded.
Crazy Yiuf hits you but does no damage.
You scratch Crazy Yiuf.
Crazy Yiuf is almost dead.
Crazy Yiuf hits you with a +3 quarterstaff of chaos.
You closely miss Crazy Yiuf.
Crazy Yiuf is almost dead.
Crazy Yiuf grits, "Snurf snail light!"
Crazy Yiuf hits you with a +3 quarterstaff of chaos.
Crazy Yiuf barely misses you.
You closely miss Crazy Yiuf.
Crazy Yiuf is almost dead.
Crazy Yiuf hits you but does no damage.
You are confused.
You bump into the tree.
Crazy Yiuf hits you with a +3 quarterstaff of chaos.
Crazy Yiuf burns you.
You miss Crazy Yiuf.
Crazy Yiuf is almost dead.
Crazy Yiuf says, "Gum!
Liver seventy sing."
Crazy Yiuf hits you with a +3 quarterstaff of chaos.
Crazy Yiuf freezes you.
You bump into the tree.
Crazy Yiuf hits you with a +3 quarterstaff of chaos!
* * * LOW HITPOINT WARNING * * *
You feel your power leaking away.
You barely miss Crazy Yiuf.
Crazy Yiuf is almost dead.
Crazy Yiuf hits you with a +3 quarterstaff of chaos.
You die...

#######....#####.##.#
#................##.#
#.#######....[......#
#.# ############# #.#
#.###♣♣♣♣♣
#.#....♣.♣♣♣ ###
#....♣..♣..♣#...#
#......♣♣♣♣@g...#
##....♣♣ ♣♣#..)#
####♣♣ ###


You could see Crazy Yiuf.

Vanquished Creatures
  A centaur skeleton (D:2)
  An adder (D:2)
  2 worms
  A dart slug (D:2)
  5 bats
  3 endoplasms
  4 giant cockroaches
  8 hobgoblins
  5 jackals
  2 quokkas
  9 ball pythons
  5 frilled lizards
  5 goblins (D:1)
  6 kobolds
  6 rats
63 creatures vanquished.

Vanquished Creatures (others)
  A plant (D:2)
1 creature vanquished.

Grand Total: 64 creatures vanquished

Notes
Turn   | Place    | Note
-------+----------+-------------------------------------------
     0 | D:1      | littlecub the Ghoul Fighter began the quest for the Orb.
     0 | D:1      | Reached XP level 1. HP: 19/19 MP: 0/0
   158 | D:1      | Reached XP level 2. HP: 22/26 MP: 1/1
   737 | D:1      | Reached XP level 3. HP: 27/33 MP: 2/2
  1237 | D:2      | Reached skill level 4 in Fighting
  1237 | D:2      | Reached XP level 4. HP: 40/40 MP: 3/3
  2289 | D:3      | Found a runed translucent door.
  2290 | D:3      | Noticed Crazy Yiuf
  2302 | D:3      | Slain by Crazy Yiuf

Illustrated notes

Levels and vault maps discovered:
D:1:      dpeg_arrival_morbid_curiosity, layout_basic
D:2:      layout_loops_corners, minivault_14, grunt_decor_mini_mirrors,
          corexii_shack, st_stairs_10
D:3:      layout_basic, hangedman_ru_absence, serial_shops,
          nicolae_shop_statue_plus, uniq_crazy_yiuf_cottage

Skill      XL: |  1  2  3 |
---------------+----------+-----
Unarmed Combat | 3 |  3.5
Fighting       | 4 |  4.3
Armour         | 3 |  3.1
Shields        | 3 |  3.1

Action                   |  1- 3 |  4- 6 || total
-------------------------+-------+-------++-------
Melee: Unarmed           |   128 |    95 ||   223
Armor: Scale mail        |    65 |    33 ||    98
       Plate armour      |       |    16 ||    16
Dodge: Dodged            |    40 |    22 ||    62
Block: Kite shield       |    73 |    34 ||   107

Table legend: (Time is in decaauts)
 A = Elapsed time spent in this place.
 B = Non-inter-level travel time spent in this place.
 C = Inter-level travel time spent in this place.
 D = Time resting spent in this place.
 E = Time spent auto-exploring this place.
 F = Levels seen in this place.
 G = Mean time per level.
                   A        B        C        D        E       F      G
               +--------+--------+--------+--------+--------+-----+--------+
         Total |   2345 |   2273 |     72 |      0 |   1786 |   3 |  781.7 |
       Dungeon |   2345 |   2273 |     72 |      0 |   1786 |   3 |  781.7 |
               +--------+--------+--------+--------+--------+-----+--------+

Top non-repeatable levels by time:
     D:1: 1070 daAuts
     D:2: 1014 daAuts
     D:3: 261 daAuts
